 Dungeon Crawl Stone Soup version 0.28.0-53-g5a82cb258f (webtiles) character file.

Game seed: 10370861434241700959

395 Revguard the Ducker (level 6, -2/46 (47) HPs)
             Began as a Demonspawn Gladiator on June 28, 2022.
             Slain by a thrashing horror (5 damage)
             ... on level 1 of the Abyss.
             The game lasted 00:07:09 (3490 turns).

Revguard the Ducker (Demonspawn Gladiator)          Turns: 3490, Time: 00:07:10

HP:   -2/46 (47)    AC: 15    Str: 13 (15) XL:     6   Next: 52%
MP:   6/6           EV: 12    Int:  9      God:
Gold: 111           SH:  4    Dex: 15 (16) Spells: 5/5 levels left

rFire   . . .      SeeInvis .   a - +0 rapier
rCold   . . .      Faith    .   (no shield)
rNeg    . . .      Spirit   .   e - +0 ring mail
rPois   .          Reflect  .   (helmet restricted)
rElec   .          Harm     .   (no cloak)
rCorr   .          Rampage  .   f - +0 pair of gloves
Will    .....                   (no boots)
Stlth   +.........              (no amulet)
HPRegen 0.15/turn               (no ring)
MPRegen 0.10/turn               (no ring)

@: sanguine armoured, lightly drained
A: horns 1, sanguine armour 2, condensation shield
a: no special abilities


You were on level 1 of the Abyss.
You visited 1 branch of the dungeon, and saw 3 of its levels.
You visited the Abyss 1 time.

You collected 111 gold pieces.

Inventory:

Hand Weapons
 a - a +0 rapier (weapon)
Missiles
 d - 3 throwing nets (quivered)
Armour
 e - a +0 ring mail (worn)
 f - a +0 pair of gloves (worn)
Wands
 h - a wand of charming (6)
Scrolls
 g - 5 scrolls of teleportation {unknown}
 i - a scroll of noise {unknown}
 k - a scroll of enchant armour {unknown}
 l - a scroll of identify {unknown}


   Skills:
 + Level 3.1 Fighting
 + Level 3.5 Short Blades
 - Level 1.7 Throwing
 + Level 2.0 Armour
 * Level 4.2 Dodging
 + Level 2.4 Stealth
 + Level 2.0 Evocations


You had 5 spell levels left.
You didn't know any spells.
Your spell library contained the following spells:

 Spells                   Type           Power      Damage    Failure   Level
 Freezing Cloud           Conj/Ice/Air   0%         6-21      100%        5
 Simulacrum               Ice/Necr       0%         N/A       100%        6
 Polar Vortex             Ice            0%         N/A       100%        9


Dungeon Overview and Level Annotations

Branches:
Dungeon (3/15)

Altars:
Vehumet

Annotations:
D:3 Crazy Yiuf


Innate Abilities, Weirdness & Mutations

You have a pair of small horns on your head.
When seriously injured, your blood forms thick armour. (AC +9)
A meltable shield of frost defends you. (SH +4)


Message History

Crazy Yiuf hits you but does no damage.
You hit Crazy Yiuf but do no damage.
Crazy Yiuf is severely wounded.
Crazy Yiuf hits you with a +3 quarterstaff of chaos!
Crazy Yiuf freezes you.
You hit Crazy Yiuf but do no damage.
Crazy Yiuf is severely wounded.
Crazy Yiuf hits you but does no damage.
You are cast into the Abyss!
This branch contains the abyssal rune of Zot.
You start resting.
Your transformation is almost over.
You feel less wooden.
Your +0 pair of gloves unmelds from your body.
Your +0 ring mail unmelds from your body.
Your blood congeals into armour.
There is an open translucent door here.
A starcursed mass comes into view.
The starcursed mass shrieks in your mind.
Found a stone.
A starcursed mass splits.
A chorus of shrieks assaults your mind.
* * * LOW HITPOINT WARNING * * *
A spriggan defender zombie comes into view.
A starcursed mass splits. x2
A chorus of shrieks assaults your mind.
* * * LOW HITPOINT WARNING * * *
An apocalypse crab comes into view.
You are suddenly pulled into a different region of the Abyss!
A small abomination comes into view.
A thrashing horror comes into view.
The thrashing horror tramples you.
* * * LOW HITPOINT WARNING * * *
You stumble backwards!
The thrashing horror roars!
The thrashing horror tramples you.
* * * LOW HITPOINT WARNING * * *
You stumble backwards!
The thrashing horror tramples you.
You die...

... .#.. .###≈≈.
...###...#..≈≈≈≈≈
≈....#..#.. .≈#.≈
........#.##....≈
#.............
#.........#
..#......#
#...##X...#
.#...#@..##.#
.......###.###
..#.#...#.#.# .
.##.. #.##
###.#..##.##
##..### #
#.#..#### ##...#
.##..#


You could see a thrashing horror.

Vanquished Creatures
  Grinder (D:3)
  A hound (D:3)
  Natasha (thrice) (D:2)
  5 adders
  A worm (D:2)
  A dart slug (D:1)
  An orc (D:3)
  6 bats
  2 endoplasms (D:2)
  2 giant cockroaches
  7 goblins
  7 hobgoblins
  2 jackals (D:2)
  3 kobolds (D:2)
  2 quokkas (D:2)
  8 ball pythons
  A frilled lizard (D:1)
  4 rats
57 creatures vanquished.

Vanquished Creatures (others)
  A goblin (D:3)
  2 plants (D:3)
3 creatures vanquished.

Grand Total: 60 creatures vanquished

Notes
Turn   | Place    | Note
-------+----------+-------------------------------------------
     0 | D:1      | Revguard the Demonspawn Gladiator began the quest for the
                  | Orb.
     0 | D:1      | Reached XP level 1. HP: 16/16 MP: 1/1
   395 | D:1      | Gained mutation: When seriously injured, your blood forms
                  | armour. (AC +9) [demonic ancestry]
   395 | D:1      | Reached XP level 2. HP: 21/22 MP: 2/2
  1108 | D:2      | Reached skill level 3 in Dodging
  1211 | D:2      | Noticed Natasha
  1228 | D:2      | Killed Natasha
  1229 | D:2      | Gained mutation: You have a pair of small horns on your
                  | head. [demonic ancestry]
  1229 | D:2      | Reached XP level 3. HP: 9/28 MP: 3/3
  1244 | D:2      | Noticed Natasha
  1261 | D:2      | Killed Natasha
  1262 | D:2      | Reached skill level 1 in Armour
  1262 | D:2      | Reached skill level 1 in Stealth
  1262 | D:2      | Gained mutation: When seriously injured, your blood forms
                  | thick armour. (AC +9) [demonic ancestry]
  1262 | D:2      | Reached XP level 4. HP: 5/34 MP: 4/4
  1569 | D:2      | Reached skill level 1 in Evocations
  1932 | D:2      | Noticed Natasha
  1937 | D:2      | Killed Natasha
  2355 | D:3      | Noticed Grinder
  2364 | D:3      | Paralysed by Grinder for 3 turns
  2382 | D:3      | Killed Grinder
  2383 | D:3      | Reached skill level 4 in Dodging
  2383 | D:3      | Gained mutation: A meltable shield of frost defends you.
                  | (SH +4) [demonic ancestry]
  2383 | D:3      | Reached XP level 5. HP: 23/41 MP: 5/5
  2383 | D:3      | Reached XP level 6. HP: 26/47 MP: 6/6
  2819 | D:3      | Found a radiant altar of Vehumet.
  3055 | D:3      | Found a runed translucent door.
  3056 | D:3      | Noticed Crazy Yiuf
  3377 | D:3      | Cast into level 1 of the Abyss (Crazy Yiuf)
  3424 | Abyss:1  | Noticed a starcursed mass
  3431 | Abyss:1  | Noticed a spriggan defender zombie
  3431 | Abyss:1  | HP: 1/46 [starcursed mass/accursed screaming (7)]
  3432 | Abyss:1  | Noticed an apocalypse crab
  3486 | Abyss:1  | Noticed a thrashing horror
  3489 | Abyss:1  | HP: 2/46 [thrashing horror (1)]
  3490 | Abyss:1  | Slain by a thrashing horror

Illustrated notes

Levels and vault maps discovered:
D:1:      dpeg_arrival_shelter, layout_basic, minmay_misc_feat_room,
          minmay_misc_feat_more_columns, nrook_mini_backslash, hex_tiny
D:2:      layout_loops_cross, serial_bayou_crossing, uniq_natasha
D:3:      layout_rooms, fiery_altar_vehumet, minmay_misc_feat_encased,
          minmay_shallow_snake_nest, uniq_crazy_yiuf_cottage, uniq_grinder
Abyss:1:  base: Temple, hangedman_stitches_earthworm, hangedman_decor_lopped

Skill      XL: |  1  2  3  4  5  6 |
---------------+-------------------+-----
Dodging        | 3 4 |  4.2
Short Blades   | 3 |  3.5
Armour         | 1 2 |  2.0
Stealth        | 1 2 |  2.4
Evocations     | 1 2 |  2.0
Fighting       | 3 |  3.1
Throwing       | |  1.7

Action                   |  1- 3 |  4- 6 || total
-------------------------+-------+-------++-------
Melee: Rapier            |    71 |   142 ||   213
       Punch             |     3 |       ||     3
       Headbutt          |     2 |    27 ||    29
Evoke: Wand              |     1 |       ||     1
  Use: Potion            |     1 |     3 ||     4
 Stab: Sleeping          |       |     2 ||     2
Armor: Leather armour    |     7 |       ||     7
       Ring mail         |    49 |    50 ||    99
       Skin              |       |     2 ||     2
Dodge: Dodged            |    75 |    87 ||   162
Block: Other             |       |     8 ||     8
